 Dungeon Crawl Stone Soup version 0.23.2-1-ga50397a (webtiles) character file.

Game seed: 12814755981016072388

1983 HASTUR3 the Transmogrifier (level 9, -2/54 HPs)
             Began as an Octopode Transmuter on June 2, 2019.
             Slain by a gnoll
             ... wielding a +0 spear
              (6 damage)
             ... on level 6 of the Dungeon.
             The game lasted 00:27:25 (5930 turns).

HASTUR3 the Transmogrifier (Octopode Transmuter)    Turns: 5930, Time: 00:27:25

Health: -2/54      AC:  1    Str: 12 (14) XL:     9   Next: 20%
Magic:  10/12      EV: 19    Int: 13 (16) God:
Gold:   299        SH:  0    Dex: 17      Spells: 1/12 levels left

rFire    . . .     SeeInvis .     - Unarmed
rCold    + + .     Gourm    .   (no shield)
rNeg     . . .     Faith    .   (helmet restricted)
rPois    .         Spirit   .   (no amulet)
rElec    .         Reflect  .   l - ring of protection from cold
rCorr    .         Harm     .   m - ring of ice
MR       .....                  s - ring of protection from fire
Stlth    +++++.....             (no ring)
HPRegen  0.18/turn              (no ring)
MPRegen  0.13/turn              (no ring)
                                (no ring)
                                (no ring)

@: agile, lightly drained
A: almost no armour, stealthy swim, amphibious, 8 rings, constrict 8, camouflage
1, deterioration 1, mutation resistance 1, strong 1, gelatinous body 1
a: no special abilities


You were on level 6 of the Dungeon.
You were hungry.

You visited 1 branch of the dungeon, and saw 6 of its levels.

You collected 299 gold pieces.

Inventory:

Missiles
 a - 18 arrows
Jewellery
 l - a ring of protection from cold (left tentacle)
 m - a ring of ice (right tentacle)
 s - a ring of protection from fire (on tentacle)
Wands
 z - a wand of iceblast (10)
Scrolls
 b - a scroll of blinking {unknown}
 e - 5 scrolls of identify
 g - 2 scrolls of teleportation {unknown}
 i - 4 scrolls of remove curse {unknown}
 j - 5 scrolls of enchant weapon {unknown}
 n - 2 scrolls of amnesia {unknown}
 q - a scroll of fog {unknown}
 x - a scroll of noise {unknown}
 y - a scroll of magic mapping {unknown}
 A - a scroll of enchant armour {unknown}
Potions
 d - 2 potions of curing
 f - 2 potions of flight
 h - a potion of magic {unknown}
 k - a potion of heal wounds
 o - a potion of ambrosia {unknown}
 p - 2 potions of agility
 r - 2 potions of berserk rage {unknown}
 t - a potion of lignification {unknown}
 u - a potion of degeneration {unknown}
 v - a potion of experience {unknown}
 w - a potion of cancellation {unknown}
Comestibles
 c - 10 rations


   Skills:
 + Level 2.2(2.1) Fighting
 + Level 3.0(2.8) Dodging
 + Level 3.7(3.5) Stealth
 + Level 4.8(4.6) Unarmed Combat
 - Level 2.2(2.1) Spellcasting
 - Level 10.0(9.8) Transmutations
 - Level 3.0(2.8) Poison Magic


You had one spell level left.
You knew the following spells:

 Your Spells              Type           Power        Failure   Level  Hunger
a - Beastly Appendage     Tmut           ####..       1%          1    ##.....
b - Spider Form           Tmut/Pois      ###.......   5%          3    ####...
c - Blade Hands           Tmut           ####......   13%         5    ######.
d - Sticks to Snakes      Tmut           ####....     1%          2    ###....

Your spell library contained the following spells:

 Spells                   Type           Power        Failure   Level  Hunger
 Ice Form                 Ice/Tmut       ###.....     32%         4    #####..


Dungeon Overview and Level Annotations

Branches:
Dungeon (6/15)
 Temple: D:4-7

Altars:
Ashenzari
Fedhas
Kikubaaqudgha
Qazlal
Ru
Trog
Uskayaw
Wu Jian
Xom
Zin


Innate Abilities, Weirdness & Mutations

You cannot wear most types of armour.
You are very stealthy in the water. (Stealth+)
You are amphibious.
You can wear up to eight rings at the same time.
You can use your tentacles to constrict eight enemies at once.
Your skin changes colour to match your surroundings (Stealth+).
Your rubbery body absorbs attacks. (AC +1, EV +1)
Your body sometimes deteriorates upon taking damage.
You are somewhat resistant to further mutation.
Your muscles are strong. (Str +2)


Message History

The gnoll closely misses you. The gnoll barely misses you.
Unknown command.
You feel much better.
The gnoll hits you from afar with a +0 spear.
The gnoll hits you from afar with a +0 spear!
* * * LOW HITPOINT WARNING * * *
Your body deteriorates!
You feel dopey.
Your tentacles revert to their normal proportions.
The gnoll closely misses you. x2
Things that are here:
a +0 spear; 18 gold pieces; a gnoll corpse You tentacle-slap the gnoll but do no damage.
You grab the gnoll. You constrict the gnoll.
The gnoll hits you with a +0 spear!
* * * LOW HITPOINT WARNING * * *
Your body deteriorates!
You feel dopey. The gnoll completely misses you.
You release your grip on the gnoll.
The gnoll closely misses you.
The gnoll hits you from afar with a +0 spear.
You die...

#......... +.......#
.....####.......#
................#
.................#
.......###.#.....#
.......#...#.....#
.......#g####....####
........g)@(.........
..#...##.####....#...
......))(..(...#.# #.
..#...##.#####.#.#
### #.......#.#.#.##
#######.###......#
.....##.###......#
#..._..#......#
#+###..#.#....>...#


You could see 2 gnolls.

Vanquished Creatures
  Grinder (D:5)
  Eustachio (D:4)
  Duvessa (D:5)
  2 phantoms
  An ogre (D:5)
  A centaur (D:5)
  A bullfrog (D:6)
  Dowan (D:5)
  4 wights (D:6)
  A howler monkey (D:5)
  3 crimson imps (D:5)
  A centaur skeleton (D:4)
  An orc priest (D:4)
  3 hounds
  An orc wizard (D:4)
  A bullfrog skeleton (D:5)
  An iguana (D:4)
  Crazy Yiuf (D:5)
  8 worker ants
  A killer bee zombie (D:5)
  10 gnolls
  13 adders
  A shadow imp (D:6)
  A worm (D:5)
  A dart slug (D:5)
  2 leopard geckos
  6 orcs (D:4)
  3 ball pythons
  8 bats
  A giant cockroach (D:5)
  7 goblins
  2 hobgoblins
  17 jackals
  4 kobolds
  7 frilled lizards
  A leopard gecko skeleton (D:4)
  4 rats
123 creatures vanquished.

Notes
Turn   | Place    | Note
-------+----------+-------------------------------------------
     0 | D:1      | HASTUR3 the Octopode Transmuter began the quest for the
                  | Orb.
     0 | D:1      | Reached XP level 1. HP: 13/13 MP: 3/3
    69 | D:1      | Reached skill level 1 in Stealth
   161 | D:1      | Reached XP level 2. HP: 18/18 MP: 5/5
   507 | D:1      | Reached XP level 3. HP: 23/23 MP: 6/6
   667 | D:2      | Found a glowing silver altar of Zin.
   667 | D:2      | Found an ornate altar of the Wu Jian Council.
   667 | D:2      | Found a sacrificial altar of Ru.
   708 | D:2      | Learned a level 3 spell: Spider Form
   740 | D:2      | Reached skill level 3 in Transmutations
   761 | D:2      | Reached skill level 1 in Poison Magic
  1029 | D:2      | Reached XP level 4. HP: 28/28 MP: 7/7
  1488 | D:2      | Found a faded altar of an unknown god.
  1523 | D:2      | Found a stormy altar of Qazlal.
  1744 | D:3      | HP: 1/28 [gnoll/+0 halberd (11)]
  2129 | D:3      | Reached XP level 5. HP: 31/33 MP: 8/8
  2245 | D:3      | Found a blossoming altar of Fedhas.
  2247 | D:3      | Found an ancient bone altar of Kikubaaqudgha.
  2394 | D:3      | Reached skill level 4 in Transmutations
  2839 | D:4      | HP: 1/33 [poisoned by a worker ant]
  2972 | D:4      | Reached XP level 6. HP: 26/38 MP: 5/9
  2999 | D:4      | Reached skill level 5 in Transmutations
  3211 | D:4      | Learned a level 5 spell: Blade Hands
  3216 | D:4      | Noticed a phantom
  3228 | D:4      | HP: 1/38 [phantom (7)]
  3236 | D:4      | Killed a phantom
  3443 | D:4      | Reached XP level 7. HP: 9/43 MP: 10/10
  3890 | D:4      | Reached skill level 6 in Transmutations
  3911 | D:4      | Gained mutation: Your body sometimes deteriorates upon
                  | taking damage. [mutagenic glow]
  3938 | D:4      | Gained mutation: You are somewhat resistant to further
                  | mutation. [mutagenic glow]
  3987 | D:4      | Found a shattered altar of Ashenzari.
  3990 | D:4      | Gained mutation: Your muscles are strong. (Str +2)
                  | [mutagenic glow]
  4031 | D:4      | Found a shimmering altar of Xom.
  4135 | D:4      | Noticed Eustachio
  4159 | D:4      | Killed Eustachio
  4346 | D:4      | Reached skill level 7 in Transmutations
  4594 | D:5      | Entered Level 5 of the Dungeon
  4676 | D:5      | Found a hide-covered altar of Uskayaw.
  4711 | D:5      | Found a runed translucent door.
  4712 | D:5      | Noticed Crazy Yiuf
  4726 | D:5      | Noticed Grinder
  4737 | D:5      | Killed Grinder
  4737 | D:5      | Reached skill level 8 in Transmutations
  4737 | D:5      | Reached XP level 8. HP: 31/48 MP: 5/11
  5158 | D:5      | Noticed Duvessa
  5176 | D:5      | Killed Duvessa
  5176 | D:5      | Reached skill level 9 in Transmutations
  5176 | D:5      | Noticed Dowan
  5182 | D:5      | Killed Dowan
  5224 | D:5      | Got a slimy long sword
  5225 | D:5      | Identified the +3 long sword of Imakhl Peem {venom, rC++
                  | Str+3 Stlth+} (You found it on level 5 of the Dungeon)
  5231 | D:5      | Learned a level 2 spell: Sticks to Snakes
  5443 | D:5      | Reached skill level 10 in Transmutations
  5580 | D:5      | Killed Crazy Yiuf
  5608 | D:6      | Found a bloodstained altar of Trog.
  5620 | D:6      | Reached XP level 9. HP: 18/54 MP: 6/12
  5930 | D:6      | Slain by a gnoll

Skill      XL: |  1  2  3  4  5  6  7  8  9 |
---------------+----------------------------+-----
Stealth        | 1 2 3 |  3.7
Transmutations | 3 4 5 8 10 | 10.0
Poison Magic   | 2 3 |  3.0
Unarmed Combat | 4 |  4.8
Fighting       | 2 |  2.2
Dodging        | 3 |  3.0
Spellcasting   | |  2.2

Action                   |  1- 3 |  4- 6 |  7- 9 || total
-------------------------+-------+-------+-------++-------
Melee: Unarmed           |    86 |    98 |   158 ||   342
       Tentacles         |    14 |    17 |    33 ||    64
       Constrict         |    23 |    18 |    30 ||    71
       Punch             |     4 |     2 |     3 ||     9
       Kick              |       |    10 |    12 ||    22
 Cast: Spider Form       |     2 |     3 |       ||     5
       Beastly Appendage |       |     6 |     9 ||    15
       Blade Hands       |       |     1 |    10 ||    11
       Sticks to Snakes  |       |       |     1 ||     1
  Use: Scroll            |     1 |     1 |     1 ||     3
       Potion            |       |     4 |     6 ||    10
 Stab: Sleeping          |     5 |     1 |     3 ||     9
  Eat: Chunk             |     1 |     8 |    12 ||    21
Armor: Skin              |    11 |     8 |    15 ||    34
Dodge: Dodged            |    51 |    63 |   117 ||   231
